 Dungeon Crawl Stone Soup version 0.29-a0-839-g4793fd635e (webtiles) character file.

Game seed: 5354504617543035133

8 DungeonMaster the Ruffian (level 2, 21/21 HPs)
             Began as a Demonspawn Wanderer on July 14, 2022.
             Quit the game on level 1 of the Dungeon.
             The game lasted 00:00:23 (555 turns).

DungeonMaster the Ruffian (Demonspawn Wanderer)      Turns: 555, Time: 00:00:24

Health: 21/21      AC:  6    Str: 14    XL:     2   Next: 0%
Magic:  3/3        EV:  9    Int: 13    God:
Gold:   16         SH:  0    Dex: 10    Spells: 2/3 levels left

rFire   . . .      SeeInvis .   a - +0 club
rCold   . . .      Faith    .   (no shield)
rNeg    . . .      Spirit   .   c - +0 scale mail
rPois   .          Reflect  .   (helmet restricted)
rElec   .          Harm     .   (no cloak)
rCorr   .          Rampage  .   (no gloves)
Will    .....                   (no boots)
Stlth   ..........              (no amulet)
HPRegen 0.07/turn               (no ring)
MPRegen 0.08/turn               (no ring)

@: no status effects
A: antennae 1
a: no special abilities


You were on level 1 of the Dungeon.
You visited 1 branch of the dungeon, and saw 1 of its levels.

You collected 16 gold pieces.

Inventory:

Hand Weapons
 a - a +0 club (weapon)
Missiles
 h - 3 stones
Armour
 c - a +0 scale mail (worn)
Scrolls
 b - a scroll of blinking
 d - a scroll of fog
 g - 2 scrolls of identify {unknown}
 i - a scroll of teleportation {unknown}
Potions
 e - a potion of haste
 f - a potion of berserk rage {unknown}


   Skills:
 * Level 1.3 Fighting
 * Level 1.3 Armour
 * Level 0.6 Dodging
 - Level 4.5 Unarmed Combat
 - Level 1.0 Spellcasting
 - Level 1.7 Ice Magic


You had 2 spell levels left.
You knew the following spells:

 Your Spells              Type           Power      Damage    Failure   Level
a - Freeze                Ice            20%        1d4       52%         1

Your spell library contained the following spells:

 Spells                   Type           Power      Damage    Failure   Level
 Ozocubu's Armour         Ice            5%         N/A       87%         3


Dungeon Overview and Level Annotations

Branches:
Dungeon (1/15)

Altars:


Innate Abilities, Weirdness & Mutations

You have a pair of small antennae on your head.


Message History

You barely miss the quokka.
The quokka is severely wounded.
The quokka bites you.
You closely miss the quokka.
The quokka is severely wounded.
The quokka barely misses you.
The quokka bites you but does no damage.
You barely miss the quokka.
The quokka is severely wounded.
The quokka bites you but does no damage.
You barely miss the quokka.
The quokka is severely wounded.
The quokka bites you. The quokka barely misses you.
You hit the quokka.
You kill the quokka!
No target in view!
No target in view!
No target in view!
No target in view!
No target in view!
No target in view!
No target in view!
No target in view!
No target in view!
No target in view!
No target in view!
No target in view!
You now have 16 gold pieces (gained 12).
You see here a quokka corpse.
g - 2 scrolls labelled VEXTU IDAZO (gained 1)
h - 3 stones
i - a scroll labelled GEEQORH ZAWIHO A ball python comes into view.
The ball python hisses angrily.
You hit the ball python.
You kill the ball python!
You have reached level 2!
Your demonic ancestry asserts itself...
A pair of antennae grows on your head!
Are you sure you want to abandon this character and quit the game? (Confirm with "yes".)

#...#.# .# #...#.#
.# #.# #####.#
#.####.....#
#########..........#
..............#....#
...>##......#####..#
...................#
..........#...#.@..#
..........#.....†..#
.......#.##.#.#...##
#.....#...#.......#
#.........#.....###
##....#.........
....#####...####
............
..#...#...


There were no monsters in sight!

Vanquished Creatures
  2 goblins (D:1)
  A hobgoblin (D:1)
  2 quokkas (D:1)
  A ball python (D:1)
  A rat (D:1)
7 creatures vanquished.

Notes
Turn   | Place    | Note
-------+----------+-------------------------------------------
     0 | D:1      | DungeonMaster the Demonspawn Wanderer began the quest for
                  | the Orb.
     0 | D:1      | DungeonMaster set off with the following items: a +0 club,
                  | a scroll of blinking, a +0 scale mail, a scroll of fog, a
                  | potion of haste; and the following spell memorised: Freeze;
                  | and the following spells available to memorise: Ozocubu's
                  | Armour.
     0 | D:1      | Reached XP level 1. HP: 15/15 MP: 2/2
   555 | D:1      | Gained mutation: You have a pair of small antennae on your
                  | head. [demonic ancestry]
   555 | D:1      | Reached XP level 2. HP: 21/21 MP: 3/3
   555 | D:1      | Quit the game

Illustrated notes

Levels and vault maps discovered:
D:1:      dpeg_arrival_boxorama, layout_basic, minmay_misc_feat_diagonals,
          hangedman_decor_lopped

Action                   || total
-------------------------++-------
Melee: Club              ||    36
Armor: Scale mail        ||    21
Dodge: Dodged            ||    14

Table legend: (Time is in decaauts)
 A = Elapsed time spent in this place.
 B = Non-inter-level travel time spent in this place.
 C = Inter-level travel time spent in this place.
 D = Time resting spent in this place.
 E = Time spent auto-exploring this place.
 F = Levels seen in this place.
 G = Mean time per level.
                   A        B        C        D        E       F      G
               +--------+--------+--------+--------+--------+-----+--------+
         Total |    565 |    565 |      0 |      0 |    499 |   1 |  565.0 |
       Dungeon |    565 |    565 |      0 |      0 |    499 |   1 |  565.0 |
               +--------+--------+--------+--------+--------+-----+--------+

Top non-repeatable levels by time:
     D:1: 565 daAuts
